 Dungeon Crawl Stone Soup version 0.29.1-12-g30fa7ad0bf (webtiles) character file.

Game seed: 5498934240951123170

1838 kingsuperguy the Cleaver (level 9, -6/69 (75) HPs)
             Began as a Hill Orc Monk on Dec 18, 2022.
             Was a Follower of Beogh.
             Mangled by a vampire (7 damage)
             ... on level 10 of the Dungeon on Dec 19, 2022.
             The game lasted 00:24:36 (8400 turns).

kingsuperguy the Cleaver (Hill Orc Monk)            Turns: 8400, Time: 00:24:38

HP:   -6/69 (75)    AC:  9    Str: 18    XL:     9   Next: 11%
MP:   9/9           EV: 12    Int: 20    God:    Beogh [*.....]
Gold: 343           SH:  0    Dex: 13    Spells: 8/8 levels left

rFire   + . .      SeeInvis .   s - +7 executioner's axe of Igifionn {drain, rN+ Will+ Int+4}
rCold   . . .      Faith    .   (shield currently unavailable)
rNeg    + . .      Spirit   .   e - +0 ring mail
rPois   .          Reflect  .   (no helmet)
rElec   .          Harm     .   t - +1 cloak
rCorr   +          Rampage  .   (no gloves)
Will    .....                   d - +0 pair of boots of Nutheapu {rF+ Will- rCorr}
Stlth   ++........              (no amulet)
HPRegen 0.21/turn               y - +6 ring of intelligence
MPRegen 0.11/turn               (no ring)

@: drained
A: screaming 1, noise suppression
a: Renounce Religion


You were on level 10 of the Dungeon.
You worshipped Beogh.
Beogh was aware of your devotion.
You visited 1 branch of the dungeon, and saw 8 of its levels.
You also visited: Ossuary.

You collected 382 gold pieces.
You spent 39 gold pieces at shops.

Inventory:

Hand Weapons
 a - a +0 hand axe of protection
 c - a +0 short sword
 s - the +7 executioner's axe of Igifionn (weapon) {drain, rN+ Will+ Int+4}
   (You acquired it on level 5 of the Dungeon)

   A truly terrible weapon, it drains the life of any living foe it strikes.
   Int:       It affects your intelligence (+4).
   rN:        It protects you from negative energy.
   Will:      It increases your willpower.
Armour
 b - a +0 robe
 d - the +0 pair of boots of Nutheapu (worn) {rF+ Will- rCorr}
   (You acquired it in an ossuary)

   rF:        It protects you from fire.
   rCorr:     It protects you from acid and corrosion.
   Will:      It decreases your willpower.
 e - a +0 ring mail (worn)
 t - a +1 cloak (worn)
Jewellery
 n - a ring of magical power
 y - a +6 ring of intelligence (left hand)
Wands
 u - a wand of mindburst (22)
 z - a wand of roots (6)
 A - a wand of paralysis (7)
Scrolls
 f - 2 scrolls of immolation
 h - 3 scrolls of identify
 i - 2 scrolls of fog
 j - a scroll of teleportation
 k - a scroll of vulnerability
 m - 2 scrolls of enchant weapon
 q - 2 scrolls of enchant armour
 r - 5 scrolls of fear
 v - a scroll of silence
Potions
 g - 2 potions of degeneration
 l - 3 potions of flight
 w - a potion of magic
 x - a potion of brilliance


   Skills:
 + Level 6.3 Fighting
 + Level 11.3 Axes
 + Level 0.7 Throwing
 + Level 5.5 Armour
 + Level 3.6 Dodging
 + Level 2.9 Stealth


You had 8 spell levels left.
You didn't know any spells.
Your spell library contained the following spells:

 Spells                   Type           Power      Damage    Failure   Level
 Foxfire                  Conj/Fire      0%         2x1d4     32%         1
 Conjure Flame            Conj/Fire      0%         6-21      67%         3
 Frozen Ramparts          Ice            0%         1d1       67%         3
 Inner Flame              Hex/Fire       0%         N/A       67%         3
 Tukima's Dance           Hex            0%         N/A       67%         3
 Flame Wave               Conj/Fire      0%         2d4       97%         4
 Ice Form                 Ice/Tmut       0%         N/A       97%         4
 Passage of Golubria      Tloc           0%         N/A       97%         4
 Summon Ice Beast         Ice/Summ       0%         N/A       97%         4
 Summon Mana Viper        Hex/Summ       0%         N/A       100%        5
 Yara's Violent Unravell  Hex/Tmut       0%         3d3       100%        5
 Dispersal                Tloc           0%         N/A       100%        6
 Monstrous Menagerie      Summ           0%         N/A       100%        7
 Disjunction              Tloc           0%         N/A       100%        8


Dungeon Overview and Level Annotations

Branches:
Dungeon (7/15)             Temple (0/1) D:4         Ossuary (visited)

Altars:
Nemelex Xobeh
Sif Muna
Trog

Shops:
D:1 (!*([

Annotations:
D:2 Jessica, Sigmund, Terence


Innate Abilities, Weirdness & Mutations

You occasionally shout uncontrollably at your foes.
You passively dampen the noise of your surroundings.


Message History

You hear some strange, mumbled words.
You are confused.
A yak comes into view.
You yell at the yak!
Something barely misses you. Something bites you.
A yak comes into view.
The yak bellows!
A yak comes into view.
You are too confused!
The yak bellows!
Found a grey potion.
The yak barely misses you.
You slash the yak! You drain the yak.
The yak is heavily wounded.
You hit something. The yak barely misses you.
Something hits you but does no damage. Something bites you but does no damage.
You closely miss the yak. You hit the yak. You drain the yak.
You hit something.
You feel less confused.
The yak gores you. x2; Something hits you!
Something bites you but does no damage. The yak gores you!
Something hits you but does no damage. Something bites you.
* * * LOW HITPOINT WARNING * * *
The yak attacks as you move away! The yak barely misses you. x2
The yak attacks as you move away! The yak gores you.
* * * LOW HITPOINT WARNING * * *
A vampire appears from thin air!
Reactivating autopickup.
The yak closely misses you. The yak gores you.
* * * LOW HITPOINT WARNING * * *
The yak closely misses you. The vampire misses you. The vampire bites you.
* * * LOW HITPOINT WARNING * * *
The vampire draws strength from your injuries!
The vampire barely misses you. x2
There is a stone staircase leading up here.
The yak gores you.
* * * LOW HITPOINT WARNING * * *
The yak gores you.
* * * LOW HITPOINT WARNING * * *
The vampire hits you but does no damage.
The vampire bites you!
You die...

.###### # ##.......#
#.###........#
##.#!..........
#.#............
##..............
##...............
#.##......@Y........
#........YVY........
##..................
##...[....$..........
....................#
......(......[......#
#...................#
#..................#
##...............###


You could see 3 yaks and a vampire.

Vanquished Creatures
  A hornet (D:7)
  Menkaure (Ossuary)
  A water moccasin (D:5)
  2 black bears
  2 ice beasts (D:6)
  A sky beast (D:5)
  3 ogres
  A phantom (D:6)
  A kobold brigand (D:6)
  Blork the orc (D:4)
  4 wights (D:7)
  3 hounds
  An orc priest (D:7)
  Natasha (D:3)
  4 mummies
  3 adders
  4 orcs
  7 ball pythons
  A bat (D:1)
  7 endoplasms
  A giant cockroach (D:1)
  5 gnoll zombies (Ossuary)
  3 goblins
  5 hobgoblins
  5 jackals (D:1)
  5 quokkas
  5 frilled lizards
  A gnoll skeleton (Ossuary)
  7 goblin skeletons (Ossuary)
  7 goblin zombies
  2 hobgoblin skeletons (Ossuary)
  2 hobgoblin zombies (Ossuary)
  4 kobolds
  3 kobold skeletons (Ossuary)
  6 kobold zombies (Ossuary)
  4 orc skeletons (Ossuary)
  4 orc zombies (Ossuary)
  3 rats (D:1)
  8 rat skeletons (Ossuary)
  3 rat zombies (Ossuary)
132 creatures vanquished.

Vanquished Creatures (others)
  An orc priest (D:7)
1 creature vanquished.

Grand Total: 133 creatures vanquished

Notes
Turn   | Place    | Note
-------+----------+-------------------------------------------
     0 | D:1      | kingsuperguy the Hill Orc Monk began the quest for the Orb.
     0 | D:1      | Reached XP level 1. HP: 19/19 MP: 1/1
    57 | D:1      | Found Ceiwn's Antique Weapon Emporium.
   118 | D:1      | Found Onli's Antique Weapon Shoppe.
   415 | D:1      | Reached XP level 2. HP: 27/27 MP: 2/2
   589 | D:1      | Found Lubofrar's General Store.
   593 | D:1      | Bought a potion of curing for 39 gold pieces
   645 | D:1      | Found Xutet's Distillery.
   657 | D:1      | Reached XP level 3. HP: 27/33 MP: 3/3
   713 | D:1      | Found Viannuv's Antique Armour Shoppe.
  1103 | D:2      | Noticed Terence
  1499 | D:2      | Noticed Sigmund
  1522 | D:2      | HP: 1/33 [something (6)]
  1539 | D:2      | Noticed Jessica
  1918 | D:3      | Noticed Natasha
  1934 | D:3      | Killed Natasha
  1935 | D:3      | Reached skill level 1 in Armour
  1935 | D:3      | Reached XP level 4. HP: 21/41 MP: 4/4
  2461 | D:3      | Reached skill level 5 in Axes
  3173 | D:4      | Noticed Blork the orc
  3289 | D:4      | Found a sand-covered staircase.
  3299 | D:4      | Gained mutation: Your mind is acute. (Int +4, Str/Dex -1)
                  | [potion of mutation]
  3358 | D:5      | Entered Level 5 of the Dungeon
  3358 | D:5      | Noticed a water moccasin
  3413 | D:4      | Lost mutation: Your mind is acute. (Int +4, Str/Dex -1)
                  | [potion of mutation]
  3413 | D:4      | Gained mutation: You have a pair of small horns on your
                  | head. [potion of mutation]
  3413 | D:4      | Gained mutation: You occasionally lose the ability to drink
                  | potions when taking damage. [potion of mutation]
  3413 | D:4      | Gained mutation: Your muscles are strong. (Str +4, Int/Dex
                  | -1) [potion of mutation]
  3502 | Ossuary  | Entered an ossuary
  3538 | Ossuary  | Reached XP level 5. HP: 23/47 MP: 5/5
  3980 | Ossuary  | Identified a scroll of acquirement
  4019 | Ossuary  | Acquired the +0 pair of boots of Nutheapu {rF+ Will- rCorr}
  4279 | Ossuary  | Noticed Menkaure
  4287 | Ossuary  | Killed Menkaure
  4288 | Ossuary  | Reached skill level 6 in Axes
  4288 | Ossuary  | Reached XP level 6. HP: 26/55 MP: 6/6
  4980 | D:4      | Found a bloodstained altar of Trog.
  4994 | D:4      | Found a staircase to the Ecumenical Temple.
  5060 | D:4      | Killed Blork the orc
  5061 | D:4      | Reached skill level 7 in Axes
  5360 | D:5      | Killed a water moccasin
  5361 | D:5      | Reached skill level 5 in Fighting
  5361 | D:5      | Reached XP level 7. HP: 58/61 MP: 7/7
  5378 | D:5      | Identified the +7 dagger "Yquuloi" {vamp, rElec rC- Dex+4}
  5430 | D:5      | Reached skill level 8 in Axes
  5894 | D:5      | Found a sparkling altar of Nemelex Xobeh.
  6411 | D:5      | Acquired the +7 executioner's axe of Igifionn {drain, rN+
                  | Will+ Int+4}
  6696 | D:6      | Reached XP level 8. HP: 69/69 MP: 8/8
  6784 | D:6      | Reached skill level 9 in Axes
  7026 | D:6      | Lost mutation: You have a pair of small horns on your head.
                  | [potion of mutation]
  7026 | D:6      | Lost mutation: Your muscles are strong. (Str +4, Int/Dex
                  | -1) [potion of mutation]
  7026 | D:6      | Lost mutation: You occasionally lose the ability to drink
                  | potions when taking damage. [potion of mutation]
  7026 | D:6      | Gained mutation: You occasionally shout uncontrollably at
                  | your foes. [potion of mutation]
  7026 | D:6      | Gained mutation: You passively dampen the noise of your
                  | surroundings. [potion of mutation]
  7333 | D:6      | Reached skill level 5 in Armour
  7658 | D:7      | Noticed a hornet
  7663 | D:7      | Killed a hornet
  7664 | D:7      | Reached skill level 10 in Axes
  7691 | D:7      | Became a worshipper of Beogh the Brigand
  7691 | D:7      | Reached * piety under Beogh
  7691 | D:7      | Reached ** piety under Beogh
  7757 | D:7      | HP: 2/58 [wight/+3 spear (7)]
  8122 | D:7      | Reached XP level 9. HP: 59/65 MP: 9/9
  8222 | D:7      | Reached skill level 11 in Axes
  8328 | D:7      | Found a shimmering blue altar of Sif Muna.
  8328 | D:7      | You fall into a shaft and drop 3 floors!
  8328 | D:10     | Entered Level 10 of the Dungeon
  8400 | D:10     | HP: 3/69 [yak (5)]
  8400 | D:10     | HP: 1/69 [yak (2)]
  8400 | D:10     | Mangled by a vampire

Illustrated notes

Levels and vault maps discovered:
D:1:      shiori_arrival_elements, layout_basic, serial_shops,
          nicolae_shop_stone, shop, shop, nicolae_shop_crystal,
          nicolae_shop_stone, hangedman_abyss_or_decor_stabs
D:2:      layout_basic, basic_altar, minmay_pentomino_w2, uniq_sigmund,
          uniq_jessica, uniq_terence
D:3:      layout_loops_corners, uniq_natasha
D:4:      layout_cave_pods, kennysheep_mini, minmay_temple_entry_fiery,
          nicolae_ossuary_entry_giza, uniq_blork_the_orc
D:5:      layout_gridville, lemuel_tele_altar, serial_co_window_serial,
          co_window_paths_a, co_window_corner_a, co_window_corner_a,
          co_window_paths_a, co_window_paths_a, co_window_cross_3,
          co_window_of_opportunity_b, co_window_broadway_a,
          co_window_broadway_b, co_window_cross_4, co_window_broadway_a,
          co_window_4corner_a, chequers_serial_rivers_room_a
D:6:      layout_loops_corners
D:7:      layout_loops_ring, nicolae_sif_muna_condensation, grunt_decor_junction
D:10:     layout_cave_pods, ashenzari_conservatory_becter, erik_orc_2,
          grunt_ministairs_2

Skill      XL: |  1  2  3  4  5  6  7  8  9 |
---------------+----------------------------+-----
Fighting       | 4 5 6 |  6.3
Armour         | 1 2 4 5 |  5.5
Axes           | 5 6 7 8 10 11 | 11.3
Dodging        | 3 |  3.6
Stealth        | 2 |  2.9
Throwing       | |  0.7

Action                   |  1- 3 |  4- 6 |  7- 9 || total
-------------------------+-------+-------+-------++-------
Melee: Hand axe          |   115 |   218 |    37 ||   370
       Punch             |     2 |     4 |       ||     6
       Headbutt          |       |    39 |     6 ||    45
       Executioner's axe |       |       |    57 ||    57
Throw: Throwing net      |       |     1 |       ||     1
Invok: Convert to Beogh  |       |       |     1 ||     1
  Use: Potion            |     2 |    10 |     8 ||    20
       Scroll            |     1 |     7 |     7 ||    15
 Stab: Sleeping          |     1 |     1 |     1 ||     3
Armor: Robe              |     2 |       |       ||     2
       Ring mail         |    29 |    69 |    48 ||   146
       Skin              |       |     1 |    53 ||    54
Dodge: Dodged            |    62 |    85 |    83 ||   230
